 Dungeon Crawl Stone Soup version 0.28-a0-895-g6e5f11bd55 (webtiles) character file.

Game seed: 4735229694019202050

81 Rennog the Magician (level 4, 0/31 HPs)
             Began as a Djinni Fire Elementalist on Nov 22, 2021.
             Slain by a water moccasin (5 damage)
             ... on level 3 of the Dungeon.
             The game lasted 00:02:37 (2535 turns).

Rennog the Magician (Djinni Fire Elementalist)      Turns: 2535, Time: 00:02:37

Health: 0/31       AC:  3    Str:  8    XL:     4   Next: 68%
Gold:   80         EV: 12    Int: 17    God:
                   SH:  0    Dex: 13

rFire   + + .      SeeInvis .   (no weapon)
rCold   x . .      Faith    .   (no shield)
rNeg    . . .      Spirit   .   a - +0 robe
rPois   ∞          Reflect  .   (no helmet)
rElec   .          Harm     .   (no cloak)
rCorr   .          Rampage  .   i - +0 pair of gloves
Will    +....                   (boots unavailable)
Stlth   ++........              (no amulet)
HPRegen 0.10/turn               d - ring of willpower
MPRegen 0.00/turn               (no ring)

@: flying
A: sickness immunity, fire resistance 2, cold vulnerability 1, float, innate
caster, hp casting, extra vitality 1
a: no special abilities


You were on level 3 of the Dungeon.
You visited 1 branch of the dungeon, and saw 3 of its levels.

You collected 80 gold pieces.

Inventory:

Armour
 a - a +0 robe (worn)
 i - a +0 pair of gloves (worn)
Jewellery
 d - a ring of willpower (left hand)
Scrolls
 g - 4 scrolls of identify {unknown}
Potions
 b - 2 potions of curing {unknown}
 c - 2 potions of brilliance {unknown}
 e - a potion of attraction {unknown}
 f - a potion of haste {unknown}
 h - 2 potions of degeneration {unknown}
 j - 2 potions of heal wounds {unknown}


   Skills:
 - Level 2.1 Dodging
 - Level 1.5 Stealth
 + Level 4.0 Spellcasting


You couldn't memorise any spells.
You knew the following spells:

 Your Spells              Type           Power      Damage    Failure   Level
a - Foxfire               Conj/Fire      68%        2x1d7     3%          1
b - Scorch                Fire           34%        2d7       4%          2
c - Conjure Flame         Conj/Fire      17%        6-21      9%          3
d - Inner Flame           Hex/Fire       17%        N/A       9%          3
e - Flame Wave            Conj/Fire      17%        3d5       30%         4
f - Sandblast             Erth           34%        2d9       3%          1
Your spell library was empty.

Dungeon Overview and Level Annotations

Branches:
Dungeon (3/15)

Altars:

Annotations:
D:2 Sigmund


Innate Abilities, Weirdness & Mutations

You are immune to sickness and miasma.
You are immune to poison.
Your flesh is very heat resistant. (rF++)
You are vulnerable to cold. (rC-)
You float through the air rather than walking.
You learn spells naturally, not from books.
Your magical power is your life essence.
You have superior vitality. (+4 HP)


Message History

The water moccasin is moderately wounded.
The foxfire hits the water moccasin.
The water moccasin is heavily wounded.
The water moccasin bites you.
Casting: Foxfire (safe; 3% risk of failure)
Confirm with . or Enter, or press ? or * to list all spells.
Flames lash the orc.
The orc is heavily wounded.
The orc's fire resistance burns away.
The foxfire hits the water moccasin but does no damage.
The water moccasin is heavily wounded.
The water moccasin bites you. The water moccasin barely misses you.
An orc comes into view. It is wielding a +0 dagger.
Casting: Scorch (safe; 4% risk of failure)
Confirm with . or Enter, or press ? or * to list all spells.
Flames lash the water moccasin.
The water moccasin is severely wounded.
The water moccasin's fire resistance burns away.
You hear a shout! x2
The water moccasin bites you but does no damage.
You hear an angry hiss.
Your foxfire dissipates!
The water moccasin bites you.
* * * LOW HITPOINT WARNING * * *
A hobgoblin comes into view.
Casting: Scorch (safe; 4% risk of failure)
Confirm with . or Enter, or press ? or * to list all spells.
You conjure some foxfire!
* * * LOW HITPOINT WARNING * * *
The orc is no longer more vulnerable to fire.
The water moccasin bites you.
* * * LOW HITPOINT WARNING * * *
The foxfire hits the orc.
You kill the orc!
The foxfire hits the water moccasin but does no damage.
The water moccasin is severely wounded.
Your Spellcasting skill increases to level 4!
The water moccasin is no longer more vulnerable to fire.
The water moccasin bites you.
You die...

... #.#####.#..
#.# ...... ..#
#.# #..# #..#
#.# ##..##g).
#.# ###.†..#o#
#.# #..†##..)##
#.# #.###§....#
#.# #..##S###.#
#)####.#@.###.#
#....).†........
#.##.......##..#
####.#....###..#
. #......##..#
#..# .#
#.....####.#
#... #.<...# .#
#### #.....# .#
#.....# .#


You could see a water moccasin, an orc and a hobgoblin.

Vanquished Creatures
  4 gnolls (D:2)
  A worm (D:2)
  A dart slug (D:3)
  An orc (D:3)
  2 ball pythons (D:1)
  A bat (D:1)
  2 endoplasms
  A giant cockroach (D:3)
  5 goblins
  4 hobgoblins
  3 quokkas
  2 frilled lizards
  5 kobolds
  3 rats
35 creatures vanquished.

Vanquished Creatures (others)
  139 foxfires
139 creatures vanquished.

Grand Total: 174 creatures vanquished

Notes
Turn   | Place    | Note
-------+----------+-------------------------------------------
     0 | D:1      | Rennog the Djinni Fire Elementalist began the quest for the
                  | Orb.
     0 | D:1      | Reached XP level 1. HP: 15/15 MP: 0/0
   304 | D:1      | Reached XP level 2. HP: 15/21 MP: 0/0
   536 | D:1      | Found a faded altar of an unknown god.
   694 | D:1      | Reached skill level 3 in Spellcasting
  1241 | D:2      | Reached XP level 3. HP: 2/25 MP: 0/0
  1241 | D:2      | Learned a level 1 spell: Sandblast
  2019 | D:2      | Reached XP level 4. HP: 27/31 MP: 0/0
  2315 | D:2      | Noticed Sigmund
  2523 | D:3      | Noticed a water moccasin
  2535 | D:3      | Reached skill level 4 in Spellcasting
  2535 | D:3      | Slain by a water moccasin

Illustrated notes

Levels and vault maps discovered:
D:1:      matt_arrival_refuge, layout_loops_ring,
          shapermc_ecumenical_altar_mp_vishouse
D:2:      layout_loops_ring, grunt_decor_clamped, uniq_sigmund
D:3:      layout_rooms

Skill      XL: |  1  2  3  4 |
---------------+-------------+-----
Spellcasting   | 3 4 |  4.0
Dodging        | |  2.1
Stealth        | |  1.5

Action                   |  1- 3 |  4- 6 || total
-------------------------+-------+-------++-------
 Cast: Foxfire           |    57 |    31 ||    88
       Scorch            |     4 |     2 ||     6
Armor: Robe              |     1 |     1 ||     2
Dodge: Dodged            |     6 |     1 ||     7

Table legend: (Time is in decaauts)
 A = Elapsed time spent in this place.
 B = Non-inter-level travel time spent in this place.
 C = Inter-level travel time spent in this place.
 D = Time resting spent in this place.
 E = Time spent auto-exploring this place.
 F = Levels seen in this place.
 G = Mean time per level.
                   A        B        C        D        E       F      G
               +--------+--------+--------+--------+--------+-----+--------+
         Total |   2536 |   2359 |    177 |    278 |   1860 |   3 |  845.3 |
       Dungeon |   2536 |   2359 |    177 |    278 |   1860 |   3 |  845.3 |
               +--------+--------+--------+--------+--------+-----+--------+

Top non-repeatable levels by time:
     D:1: 1601 daAuts
     D:2: 747 daAuts
     D:3: 187 daAuts
